 Dungeon Crawl Stone Soup version 0.31-a0-1206-g41278d8d1d (webtiles) character file.

Game seed: 15262874038637222339

1124 jlumianski the Ruffian (level 8, -18/90 HPs)
             Began as a Gnoll Shapeshifter on Dec 14, 2023.
             Demolished by an ogre
             ... wielding a +0 giant club
              (23 damage)
             ... on level 4 of the Dungeon.
             The game lasted 00:16:13 (3036 turns).

jlumianski the Ruffian (Gnoll Shapeshifter)         Turns: 3036, Time: 00:16:14

Health: -18/90     AC:  1    Str: 16    XL:     8   Next: 35%
Magic:  12/12      EV: 17    Int: 10    God:
Gold:   159        SH:  0    Dex: 11    Spells: 13/13 levels left

rFire   . .          .
                       - Unarmed
rCold   . . .        (shield currently unavailable)
rNeg    . . .        i - melded +0 leather armour
rPois   .            (no helmet)
rElec   .            (no cloak)
rCorr   .            q - +0 pair of gloves
SInv    +            (no boots)
Will    .....        (no amulet) Stlth
                     u - ring of see invisible
HPRegen 0.35/turn    (no ring)
MPRegen 0.13/turn

%: no passive effects
@: berserking, flux-form, glowing, very quick
A: glow, contaminating, fangs 1, strong nose, distributed training
a: Begin Untransformation


You were on level 4 of the Dungeon.
You were something dangerously unstable.
You visited 1 branch of the dungeon, and saw 4 of its levels.
You also visited: Ossuary.

You collected 159 gold pieces.

Inventory:

Hand Weapons
 g - a +0 short sword of venom
 p - a +2 dagger of venom
Missiles
 r - 5 poisoned darts
Armour
 a - a +0 animal skin
 i - a +0 leather armour (melded)
 q - a +0 pair of gloves (worn)
Jewellery
 u - a ring of see invisible (left hand)
Talismans
 c - a beast talisman
 d - a flux talisman (active)
Scrolls
 f - 2 scrolls of noise
 j - a scroll of brand weapon
 l - a scroll of silence
 m - a scroll of vulnerability
 s - 4 scrolls of teleportation
 t - a scroll of blinking {unknown}
 v - a scroll of enchant weapon {unknown}
 y - a scroll of butterflies {unknown}
Potions
 b - a potion of lignification
 e - a potion of haste {unknown}
 h - a potion of attraction {unknown}
 n - a potion of resistance
 o - a potion of brilliance {unknown}
 w - 2 potions of heal wounds {unknown}
 x - a potion of magic {unknown}


   Skills:
 + Level 4.2 Fighting
 + Level 3.2 Short Blades
 + Level 3.2 Long Blades
 + Level 3.2 Axes
 + Level 3.2 Maces & Flails
 + Level 3.2 Polearms
 + Level 3.2 Staves
 + Level 3.2 Ranged Weapons
 + Level 3.2 Throwing
 + Level 3.2 Armour
 + Level 5.6 Dodging
 + Level 3.2 Stealth
 + Level 3.2 Shields
 + Level 7.3 Unarmed Combat
 + Level 3.2 Spellcasting
 + Level 2.6 Conjurations
 + Level 2.6 Hexes
 + Level 2.6 Summonings
 + Level 2.6 Necromancy
 + Level 2.6 Translocations
 + Level 2.6 Transmutations
 + Level 2.6 Fire Magic
 + Level 2.6 Ice Magic
 + Level 2.6 Air Magic
 + Level 2.6 Earth Magic
 + Level 2.6 Poison Magic
 + Level 3.5 Invocations
 + Level 3.2 Evocations
 + Level 7.2 Shapeshifting


You had 13 spell levels left.
You didn't know any spells.
Your spell library contained the following spells:

 Spells                   Type           Power      Damage    Failure   Level
 Freeze                   Ice            24%        1d4       10%         1
 Frozen Ramparts          Ice            12%        1d2       28%         3
 Hailstorm                Conj/Ice       6%         3d5       28%         3


Dungeon Overview and Level Annotations

Branches:
Dungeon (4/15)            Ossuary (visited)
 Temple: D:4-7

Altars:

Annotations:
D:4 Eustachio


Innate Abilities, Weirdness & Mutations

You are something dangerously unstable.
You glow with magical radiation, making you easy to see and hit.
Foes you strike become dangerously contaminated with magical radiation.
You are incapable of wielding weapons or throwing items.
You have very sharp teeth.
Your uncanny sense of smell can sniff out nearby items.
Your experience applies equally to all skills.


Message History

The kobold misses you. The worm bites you!
You punch the worm!
The worm begins to glow.
The worm is moderately wounded.
The kobold barely misses you.
You hit the worm.
The worm glows dangerously bright.
The worm is severely wounded.
The worm completely misses you. The kobold misses you.
You hit the worm.
The worm shudders as magic cascades through it!
You kill the worm!
The kobold hits you with a +0 whip.
You see here a worm corpse.
You hit the kobold.
The kobold begins to glow.
The kobold is moderately wounded.
You hit the kobold.
You kill the kobold!
You hit the hobgoblin but do no damage.
The hobgoblin begins to glow.
The hobgoblin barely misses you.
You completely miss the hobgoblin. Your bite misses the hobgoblin.
The hobgoblin closely misses you.
You hit the hobgoblin.
The hobgoblin glows dangerously bright.
The hobgoblin is moderately wounded.
The hobgoblin completely misses you.
You hit the hobgoblin.
You kill the hobgoblin!
You barely miss the ogre. You hit the ogre.
The ogre begins to glow.
The ogre is lightly wounded.
The ogre hits you with a +0 giant club!!
* * * LOW HITPOINT WARNING * * *
A red film seems to cover your vision as you go berserk!
You feel yourself moving faster!
You feel mighty! The ogre closely misses you.
You punch the ogre!
The ogre glows dangerously bright.
The ogre is moderately wounded.
You punch the ogre!
The ogre shudders as magic cascades through it.
The ogre twists and deforms.
The ogre is severely wounded.
The ogre hits you with a +0 giant club!!
You die...

... ..... #.... #....
#....# #.....## ###
##......#######.###
#.......[)[Op.....##
.........#####.....#####
..####...# ##.........
#...#####......###
#............### #####
#.............## ###...#
#...#######....####......
#..## #.......O..w... ...
#.........#####.


You could see an ogre (misshapen).

Vanquished Creatures
  Sigmund (D:4)
  8 scorpions (Ossuary)
  2 centaur zombies (Ossuary)
  A human zombie (Ossuary)
  A hound (D:4)
  An orc priest (D:4)
  An orc wizard (D:4)
  6 scorpion zombies (Ossuary)
  3 mummies (Ossuary)
  5 adders
  A worm (D:4)
  3 dart slugs
  6 orcs
  2 ball pythons
  6 bats
  2 endoplasms
  2 giant cockroaches
  2 gnoll zombies (Ossuary)
  5 hobgoblins
  3 jackals (D:2)
  6 kobolds
  2 quokkas
  2 frilled lizards (D:2)
  3 goblins
  3 goblin zombies (Ossuary)
  2 hobgoblin zombies (Ossuary)
  A jackal zombie (D:4)
  2 kobold zombies (Ossuary)
  5 orc zombies (Ossuary)
  3 rats (D:2)
90 creatures vanquished.

Notes
Turn   | Place    | Note
-------+----------+-------------------------------------------
     0 | D:1      | jlumianski the Gnoll Shapeshifter began the quest for the
                  | Orb.
     0 | D:1      | Reached XP level 1. HP: 17/17 MP: 1/1
   152 | D:1      | Reached XP level 2. HP: 15/23 MP: 2/2
   417 | D:1      | Reached XP level 3. HP: 28/28 MP: 3/3
   791 | D:2      | Reached skill level 1 in Invocations
   865 | D:3      | Reached skill level 1 in Short Blades
   865 | D:3      | Reached skill level 1 in Long Blades
   865 | D:3      | Reached skill level 1 in Axes
   865 | D:3      | Reached skill level 1 in Maces & Flails
   865 | D:3      | Reached skill level 1 in Polearms
   865 | D:3      | Reached skill level 1 in Staves
   865 | D:3      | Reached skill level 1 in Ranged Weapons
   865 | D:3      | Reached skill level 1 in Throwing
   865 | D:3      | Reached skill level 1 in Armour
   865 | D:3      | Reached skill level 1 in Stealth
   865 | D:3      | Reached skill level 1 in Shields
   865 | D:3      | Reached skill level 1 in Spellcasting
   865 | D:3      | Reached skill level 1 in Evocations
   986 | D:2      | Reached XP level 4. HP: 33/34 MP: 5/5
  1150 | D:2      | Found a faded altar of an unknown god.
  1444 | D:4      | Reached skill level 1 in Conjurations
  1444 | D:4      | Reached skill level 1 in Hexes
  1444 | D:4      | Reached skill level 1 in Summonings
  1444 | D:4      | Reached skill level 1 in Necromancy
  1444 | D:4      | Reached skill level 1 in Translocations
  1444 | D:4      | Reached skill level 1 in Transmutations
  1444 | D:4      | Reached skill level 1 in Fire Magic
  1444 | D:4      | Reached skill level 1 in Ice Magic
  1444 | D:4      | Reached skill level 1 in Air Magic
  1444 | D:4      | Reached skill level 1 in Earth Magic
  1444 | D:4      | Reached skill level 1 in Poison Magic
  1535 | D:4      | Reached XP level 5. HP: 34/40 MP: 5/7
  1611 | D:4      | Noticed Eustachio
  1717 | D:4      | Noticed an ogre
  1753 | D:4      | Noticed Sigmund
  1758 | D:4      | Found a sand-covered staircase.
  1760 | D:4      | Killed Sigmund
  1761 | D:4      | Reached skill level 5 in Dodging
  1761 | D:4      | Reached XP level 6. HP: 23/47 MP: 7/9
  1768 | Ossuary  | Entered an ossuary
  2009 | Ossuary  | Reached XP level 7. HP: 22/52 MP: 10/10
  2562 | Ossuary  | HP: 1/53 [human zombie (3)]
  2568 | Ossuary  | Reached XP level 8. HP: 5/60 MP: 12/12
  3033 | D:4      | HP: 3/60 [ogre/+0 giant club (20)]
  3036 | D:4      | Demolished by an ogre

Illustrated notes

Levels and vault maps discovered:
D:1:      giann_wishing_wells, layout_rooms
D:2:      layout_loops_ring, basic_ecumenical_altar, minmay_misc_feat_hallway
D:3:      layout_loops_corners, uniq_natasha
D:4:      layout_layer_cave, enter_ossuary_3, uniq_eustachio, uniq_grinder,
          uniq_sigmund

Skill      XL: |  1  2  3  4  5  6  7  8 |
---------------+-------------------------+-----
Invocations    | 1 2 3 |  3.5
Short Blades   | 1 2 3 |  3.2
Long Blades    | 1 2 3 |  3.2
Axes           | 1 2 3 |  3.2
Maces & Flails | 1 2 3 |  3.2
Polearms       | 1 2 3 |  3.2
Staves         | 1 2 3 |  3.2
Ranged Weapons | 1 2 3 |  3.2
Throwing       | 1 2 3 |  3.2
Armour         | 1 2 3 |  3.2
Stealth        | 1 2 3 |  3.2
Shields        | 1 2 3 |  3.2
Spellcasting   | 1 2 3 |  3.2
Evocations     | 1 2 3 |  3.2
Conjurations   | 1 2 |  2.6
Hexes          | 1 2 |  2.6
Summonings     | 1 2 |  2.6
Necromancy     | 1 2 |  2.6
Translocations | 1 2 |  2.6
Transmutations | 1 2 |  2.6
Fire Magic     | 1 2 |  2.6
Ice Magic      | 1 2 |  2.6
Air Magic      | 1 2 |  2.6
Earth Magic    | 1 2 |  2.6
Poison Magic   | 1 2 |  2.6
Fighting       | 3 4 |  4.2
Dodging        | 5 |  5.6
Unarmed Combat | 7 |  7.3
Shapeshifting  | 7 |  7.2

Action                     |  1- 3 |  4- 6 |  7- 9 || total
---------------------------+-------+-------+-------++-------
  Melee: Unarmed           |    52 |    72 |   135 ||   259
         Bite              |     5 |    11 |    22 ||    38
         Punch             |     2 |       |       ||     2
         Dagger            |    10 |       |       ||    10
    Use: Scroll            |       |     5 |       ||     5
         Potion            |       |     3 |     4 ||     7
   Stab: Sleeping          |     2 |       |       ||     2
 Armour: Animal skin       |    11 |       |       ||    11
         Leather armour    |    21 |    27 |       ||    48
         Skin              |       |    17 |    56 ||    73
  Dodge: Dodged            |    52 |    66 |    91 ||   209
   Form: Flux              |       |     1 |       ||     1

Table legend: (Time is in decaauts)
 A = Elapsed time spent in this place.
 B = Non-inter-level travel time spent in this place.
 C = Inter-level travel time spent in this place.
 D = Time resting spent in this place.
 E = Time spent auto-exploring this place.
 F = Levels seen in this place.
 G = Mean time per level.
                   A        B        C        D        E       F      G
               +--------+--------+--------+--------+--------+-----+--------+
         Total |   3022 |   2983 |     39 |    563 |    855 |   5 |  604.4 |
       Dungeon |   1780 |   1741 |     39 |     33 |    741 |   4 |  445.0 |
       Ossuary |   1241 |   1241 |      0 |    530 |    114 |   1 | 1241.0 |
               +--------+--------+--------+--------+--------+-----+--------+

Top non-repeatable levels by time:
 Ossuary: 1241 daAuts
     D:2: 635 daAuts
     D:1: 519 daAuts
     D:4: 354 daAuts
     D:3: 271 daAuts
